[Event "Redbull chessmasters 2019"]
[Site "Istambul"]
[Date "2019.11.24"]
[Round "6.10"]
[White "Burcu, Cagatay"]
[Black "Olcum, Ahmet"]
[Result "1-0"]
[ECO "A41"]
[WhiteElo "2331"]
[BlackElo "2303"]
[Annotator "NA"]
[PlyCount "73"]
[EventDate "2019.11.23"]
[EventType "k.o."]
[EventCountry "TUR"]
[SourceTitle "playchess.com"]
[Source "ChessBase"]
[SourceQuality "1"]
[TimeControl "600+5"]

1. d4 d6 2. Bf4 g6 3. Nc3 Nd7 4. Nf3 Bg7 5. e4 e5 6. dxe5 dxe5 7. Bg5 Ngf6 8. Qd2 O-O 9. O-O-O Re8 10. h4 c6 11. h5 b5 12. hxg6 hxg6 13. Bh6 Bh8 14. Bd3 Nc5 15. Rh4 Nxd3+ 16. cxd3 b4 17. Ne2 Ba6 18. Kb1 c5 19. Nc1 Qd7 20. Rdh1 Rad8 21. Bf8 Nh5 22. Rxh5 gxh5 23. Rxh5 Bxd3+ 24. Ka1 Kxf8 25. Rxh8+ Ke7 26. Rxe8+ Kxe8 27. Nxe5 Qd4 28. Nc6 Qxe4 29. Nxd8 Ba6 30. f3 Qe7 31. Nc6 Qc7 32. Qe3+ Kd7 33. Ne5+ Kc8 34. Nb3 c4 35. Nc5 Bb5 36. Qd4 Qe7 37. Ne4 1-0

[Event "Redbull chessmasters 2019"]
[Site "Istambul"]
[Date "2019.11.24"]
[Round "6.11"]
[White "Isik, Esref"]
[Black "Yazici, Ugur Doga"]
[Result "0-1"]
[ECO "C58"]
[WhiteElo "1920"]
[BlackElo "2195"]
[Annotator "NA"]
[PlyCount "60"]
[EventDate "2019.11.23"]
[EventType "k.o."]
[EventCountry "TUR"]
[SourceTitle "playchess.com"]
[Source "ChessBase"]
[SourceQuality "1"]
[TimeControl "600+5"]

1. e4 e5 2. Nf3 Nc6 3. Bc4 Nf6 4. Ng5 d5 5. exd5 Na5 6. Bb5+ c6 7. dxc6 bxc6 8. Qf3 Be7 9. Bxc6+ Nxc6 10. Qxc6+ Bd7 11. Qc3 O-O 12. d3 Nd5 13. Qxe5 Nb4 14. Qe4 Bxg5 15. Bxg5 Qxg5 16. O-O Bc6 17. h4 Qc5 18. Qe2 Rfe8 19. Qd2 Nxc2 20. Rc1 Qd5 21. f3 Nxa1 22. Nc3 Qd4+ 23. Kf1 Qxh4 24. Ne2 Bxf3 25. gxf3 Rxe2 26. Kxe2 Re8+ 27. Qe3 Rxe3+ 28. Kxe3 Qg5+ 29. f4 Qg3+ 30. Ke4 f5+ 0-1

[Event "Redbull chessmasters 2019"]
[Site "Istambul"]
[Date "2019.11.24"]
[Round "6.12"]
[White "Aydin, Leyla"]
[Black "Gur, Tuba"]
[Result "0-1"]
[ECO "B12"]
[WhiteElo "1333"]
[BlackElo "1782"]
[Annotator "NA"]
[PlyCount "90"]
[EventDate "2019.11.23"]
[EventType "k.o."]
[EventCountry "TUR"]
[SourceTitle "playchess.com"]
[Source "ChessBase"]
[SourceQuality "1"]
[TimeControl "600+5"]

1. e4 c6 2. d4 d5 3. e5 Bf5 4. Nc3 e6 5. Nf3 h6 6. Be3 Nd7 7. Bd3 Bg4 8. Be2 c5 9. h3 Bh5 10. Bb5 c4 11. O-O Ne7 12. Ne2 Bxf3 13. gxf3 Nf5 14. Bf4 a6 15. Bxd7+ Qxd7 16. Ng3 g6 17. Nxf5 gxf5 18. Kh1 Be7 19. Bg3 h5 20. f4 Qd8 21. Rg1 Qb6 22. b3 Rc8 23. f3 Bb4 24. Bf2 Qc7 25. a3 Be7 26. b4 a5 27. c3 Qc6 28. Rg2 Kd7 29. Qc2 axb4 30. axb4 Ra8 31. Rgg1 Ra6 32. Kh2 Rha8 33. Rxa6 Rxa6 34. Qb2 Qa4 35. Rc1 Qb3 36. Qxb3 cxb3 37. Rb1 Ra2 38. Kg3 b2 39. Be3 h4+ 40. Kf2 Kc6 41. Ke2 Kb5 42. Kd3 Ka4 43. Bd2 Kb3 44. Bc1 Ka3 45. Bd2 Ra1 0-1

[Event "Redbull chessmasters 2019"]
[Site "Istambul"]
[Date "2019.11.24"]
[Round "6.13"]
[White "Kilic, Ihsan"]
[Black "Ozenir, Ekin Baris"]
[Result "0-1"]
[ECO "A46"]
[WhiteElo "1941"]
[BlackElo "2274"]
[Annotator "NA"]
[PlyCount "56"]
[EventDate "2019.11.23"]
[EventType "k.o."]
[EventCountry "TUR"]
[SourceTitle "playchess.com"]
[Source "ChessBase"]
[SourceQuality "1"]
[TimeControl "600+5"]

1. d4 Nf6 2. Nf3 e6 3. g3 b5 4. Bg2 Bb7 5. O-O Be7 6. b3 O-O 7. c4 bxc4 8. bxc4 c5 9. e3 Nc6 10. Nc3 cxd4 11. exd4 Na5 12. c5 d6 13. cxd6 Bxd6 14. Bg5 Be7 15. Rb1 Rc8 16. Na4 Be4 17. Rc1 Rxc1 18. Bxc1 Nc6 19. Be3 Bd5 20. Nc3 Qa5 21. Nxd5 Nxd5 22. Qd2 Qa3 23. Rb1 Ncb4 24. Ne5 Rc8 25. Rb2 a5 26. Bf1 Nxe3 27. fxe3 Bg5 28. Kf2 Bxe3+ 0-1

[Event "Redbull chessmasters 2019"]
[Site "Istambul"]
[Date "2019.11.24"]
[Round "6.14"]
[White "Alak, Agdar"]
[Black "Cil, Batuhan"]
[Result "1-0"]
[ECO "A52"]
[WhiteElo "1482"]
[BlackElo "1737"]
[Annotator "NA"]
[PlyCount "125"]
[EventDate "2019.11.23"]
[EventType "k.o."]
[EventCountry "TUR"]
[SourceTitle "playchess.com"]
[Source "ChessBase"]
[SourceQuality "1"]
[TimeControl "600+5"]

1. d4 Nf6 2. c4 e5 3. dxe5 Ng4 4. Nf3 Bc5 5. e3 Nc6 6. Nc3 O-O 7. Be2 Ngxe5 8. O-O Re8 9. a3 a5 10. Na4 Ba7 11. Rb1 d6 12. b4 axb4 13. axb4 Nxf3+ 14. Bxf3 Ne5 15. Be2 Bd7 16. Nc3 f5 17. Nd5 c6 18. Nf4 Qe7 19. Bb2 Rad8 20. Qb3 Ra8 21. Qd1 Rad8 22. Qb3 Kh8 23. Nd3 Ng4 24. Bxg4 fxg4 25. Nf4 Bf5 26. Ra1 Bb8 27. Nh5 Rg8 28. Qc3 d5 29. Ng3 Bg6 30. c5 h5 31. Ne2 Rdf8 32. g3 Kh7 33. Nf4 Bf7 34. Qc2+ Qe4 35. Qxe4+ dxe4 36. Rfd1 g5 37. Ne2 Bd5 38. Nc3 Rf5 39. Nxd5 cxd5 40. b5 Rgf8 41. Rd2 h4 42. c6 bxc6 43. bxc6 Rc8 44. Rc2 h3 45. c7 Rff8 46. cxb8=Q Rxb8 47. Bd4 Rb7 48. Kf1 Rfb8 49. Rcc1 Rb3 50. Ke2 R8b5 51. Rc7+ Kg8 52. Ra8+ Rb8 53. Rxb8+ Rxb8 54. Rc5 Rb1 55. Rxd5 Rh1 56. Rxg5+ Kf7 57. Rxg4 Rxh2 58. Rxe4 Rh1 59. Rh4 h2 60. Kf3 Kg6 61. Kg2 Rg1+ 62. Kxh2 Rf1 63. Kg2 1-0

[Event "Redbull chessmasters 2019"]
[Site "Istambul"]
[Date "2019.11.24"]
[Round "6.15"]
[White "Tofan, Ismail"]
[Black "Sabahi, Cem"]
[Result "0-1"]
[ECO "A10"]
[WhiteElo "1685"]
[BlackElo "1604"]
[Annotator "NA"]
[PlyCount "148"]
[EventDate "2019.11.23"]
[EventType "k.o."]
[EventCountry "TUR"]
[SourceTitle "playchess.com"]
[Source "ChessBase"]
[SourceQuality "1"]
[TimeControl "600+5"]

1. Nf3 g6 2. c4 Bg7 3. Nc3 d6 4. b3 e5 5. Bb2 Nc6 6. e3 Nf6 7. d4 Qe7 8. dxe5 Nxe5 9. Nxe5 dxe5 10. Nb5 O-O 11. Ba3 c5 12. Qd6 Qxd6 13. Nxd6 b6 14. Be2 e4 15. Bb2 Rd8 16. Rd1 Bf5 17. h3 Ne8 18. Bxg7 Kxg7 19. Nb5 Rxd1+ 20. Kxd1 a6 21. Nc3 Rd8+ 22. Kc2 Nf6 23. g4 Bc8 24. Rd1 Rxd1 25. Kxd1 Bb7 26. Bf1 Nd7 27. g5 f5 28. gxf6+ Kxf6 29. Bg2 Ke5 30. h4 Nf6 31. Na4 Kd6 32. Nxb6 Bc6 33. Nc8+ Kc7 34. Ne7 Bb7 35. Bh3 Kd6 36. Nc8+ Kc7 37. Ne7 Kd6 38. Bc8 Bxc8 39. Nxc8+ Kc7 40. Ne7 Kd7 41. Nd5 Nxd5 42. cxd5 Kd6 43. Kd2 Kxd5 44. Kc3 a5 45. a3 h6 46. b4 cxb4+ 47. axb4 a4 48. b5 Kc5 49. b6 Kxb6 50. Kb4 Kc6 51. Kxa4 Kc5 52. Kb3 Kb5 53. Kc3 Kc5 54. Kb3 Kd5 55. Kb4 h5 56. Kc3 Kc5 57. Kb3 Kb5 58. Kc3 Kc5 59. Kb3 Kd5 60. Kc3 Ke5 61. Kc4 g5 62. hxg5 h4 63. g6 Kf6 64. Kd4 h3 65. Kxe4 h2 66. g7 Kxg7 67. f4 h1=Q+ 68. Ke5 Qc6 69. e4 Kf7 70. f5 Qc7+ 71. Kd5 Kf6 72. Kd4 Qd6+ 73. Ke3 Ke5 74. Kf3 Qd3+ 0-1

[Event "Redbull chessmasters 2019"]
[Site "Istambul"]
[Date "2019.11.24"]
[Round "6.16"]
[White "Sahin, Handenur"]
[Black "Ozdemir, Cemre"]
[Result "1-0"]
[ECO "C78"]
[WhiteElo "2014"]
[BlackElo "1326"]
[Annotator "NA"]
[PlyCount "67"]
[EventDate "2019.11.23"]
[EventType "k.o."]
[EventCountry "TUR"]
[SourceTitle "playchess.com"]
[Source "ChessBase"]
[SourceQuality "1"]
[TimeControl "600+5"]

1. e4 e5 2. Nf3 Nc6 3. Bb5 a6 4. Ba4 Nf6 5. d3 b5 6. Bb3 Bc5 7. O-O d6 8. c3 Bg4 9. Be3 Bb6 10. Nbd2 O-O 11. h3 Be6 12. a4 b4 13. cxb4 Nxb4 14. Bxe6 fxe6 15. Qb3 Bxe3 16. fxe3 Rb8 17. Qxe6+ Kh8 18. Qc4 d5 19. exd5 Nfxd5 20. Nxe5 Nxe3 21. Rxf8+ Qxf8 22. Qe4 Nbc2 23. Nd7 Re8 24. Nxf8 Rxe4 25. Nxe4 Nxa1 26. Ne6 Nd5 27. N4c5 a5 28. Nd4 Kg8 29. Nc6 Kf7 30. Nxa5 Ke7 31. Nc4 Nb6 32. a5 Nxc4 33. dxc4 Kd6 34. a6 1-0

[Event "Redbull chessmasters 2019"]
[Site "Istambul"]
[Date "2019.11.24"]
[Round "7.1"]
[White "Kilic, Efe Mert"]
[Black "Aliakbarov, Anar"]
[Result "1/2-1/2"]
[ECO "C54"]
[WhiteElo "2247"]
[BlackElo "2219"]
[Annotator "NA"]
[PlyCount "27"]
[EventDate "2019.11.23"]
[EventType "k.o."]
[EventCountry "TUR"]
[SourceTitle "playchess.com"]
[Source "ChessBase"]
[SourceQuality "1"]
[TimeControl "600+5"]

1. e4 e5 2. Nf3 Nc6 3. Bc4 Bc5 4. c3 Nf6 5. d4 exd4 6. cxd4 Bb4+ 7. Bd2 Bxd2+ 8. Nbxd2 d5 9. exd5 Nxd5 10. O-O O-O 11. Rc1 Nb6 12. Bb3 Nb4 13. Ne5 N4d5 14. Ne4 1/2-1/2

[Event "Redbull chessmasters 2019"]
[Site "Istambul"]
[Date "2019.11.24"]
[Round "7.3"]
[White "Gunduz, Umut Erdem"]
[Black "Kesgin, Halit Kaan"]
[Result "1-0"]
[ECO "C01"]
[WhiteElo "2172"]
[BlackElo "2061"]
[Annotator "NA"]
[PlyCount "135"]
[EventDate "2019.11.23"]
[EventType "k.o."]
[EventCountry "TUR"]
[SourceTitle "playchess.com"]
[Source "ChessBase"]
[SourceQuality "1"]
[TimeControl "600+5"]

1. e4 e6 2. d4 d5 3. Nc3 Bb4 4. exd5 exd5 5. Bd3 Nf6 6. Qf3 Nc6 7. Nge2 Be6 8. Be3 Qd7 9. h3 h6 10. O-O-O O-O-O 11. a3 Ba5 12. g4 Ne8 13. Qg2 Kb8 14. Kb1 Rf8 15. Na4 Bb6 16. Nc5 Bxc5 17. dxc5 f5 18. Nf4 fxg4 19. Nxe6 Qxe6 20. hxg4 d4 21. Bd2 Nf6 22. g5 hxg5 23. Rde1 Qg4 24. Qh2 Qf3 25. Bxg5 Qd5 26. Bf4 Rc8 27. b4 g5 28. Bc1 Ng4 29. Qg3 Nxf2 30. Rh5 Nxd3 31. Qxd3 Rf3 32. Rxg5 Qxg5 33. Qxf3 Qg6 34. b5 Na5 35. Qd5 Qg3 36. Bd2 c6 37. Qf7 Ka8 38. Bxa5 cxb5 39. Qe8 Qg4 40. Qe4 Qg3 41. Qxd4 Qxa3 42. Bb4 Qf3 43. Kb2 a6 44. Re3 Qc6 45. Qd6 Ka7 46. Re7 a5 47. Bxa5 Qxc5 48. Qxc5+ Rxc5 49. Bb4 Rf5 50. Kb3 Rg5 51. Bd6 Kb6 52. Re5 Rg3+ 53. c3 Rg4 54. Re6 Ka7 55. Bc5+ Kb8 56. Rb6 Kc7 57. Rxb5 Kc6 58. c4 Rg2 59. Bd4 Rh2 60. Rb6+ Kd7 61. Rxb7+ Kc6 62. Rb6+ Kd7 63. Rg6 Rh1 64. Kb4 Rh4 65. Bc3 Rh5 66. c5 Rh1 67. Kc4 Rh4+ 68. Bd4 1-0

[Event "Redbull chessmasters 2019"]
[Site "Istambul"]
[Date "2019.11.24"]
[Round "7.4"]
[White "Yildiz Kadioglu, Betul Cemre"]
[Black "Kalayci, Nino"]
[Result "1-0"]
[ECO "E09"]
[WhiteElo "2338"]
[BlackElo "1852"]
[Annotator "NA"]
[PlyCount "55"]
[EventDate "2019.11.23"]
[EventType "k.o."]
[EventCountry "TUR"]
[SourceTitle "playchess.com"]
[Source "ChessBase"]
[SourceQuality "1"]
[TimeControl "600+5"]

1. d4 d5 2. Nf3 Nf6 3. c4 e6 4. g3 c6 5. Bg2 Be7 6. O-O O-O 7. Qc2 Nbd7 8. Nbd2 Re8 9. e4 dxe4 10. Nxe4 Nxe4 11. Qxe4 Nf6 12. Qe2 h6 13. Rd1 Bd6 14. Ne5 Qe7 15. Bf4 c5 16. dxc5 Bxc5 17. Nd3 Bd6 18. Bxd6 Qxd6 19. Qe5 Qe7 20. h3 Nd7 21. Qc7 Nb6 22. Qxe7 Rxe7 23. b3 Nd7 24. Nf4 Rb8 25. Rd6 b5 26. cxb5 Rxb5 27. Rc1 Bb7 28. Rc7 1-0

[Event "Redbull chessmasters 2019"]
[Site "Istambul"]
[Date "2019.11.24"]
[Round "7.5"]
[White "Inan, Canberk"]
[Black "Alaz, Ahmet Efekan"]
[Result "0-1"]
[ECO "D15"]
[WhiteElo "1941"]
[BlackElo "2288"]
[Annotator "NA"]
[PlyCount "74"]
[EventDate "2019.11.23"]
[EventType "k.o."]
[EventCountry "TUR"]
[SourceTitle "playchess.com"]
[Source "ChessBase"]
[SourceQuality "1"]
[TimeControl "600+5"]

1. d4 d5 2. c4 c6 3. Nf3 Nf6 4. Nc3 a6 5. b3 b5 6. e3 Bg4 7. Be2 e6 8. O-O Nbd7 9. Ne5 Bxe2 10. Qxe2 Nxe5 11. dxe5 Nd7 12. f4 Bc5 13. Kh1 O-O 14. cxd5 cxd5 15. Bb2 Qe7 16. Rad1 Rad8 17. e4 d4 18. Nb1 Nb8 19. Rf3 f6 20. exf6 Qxf6 21. Qd3 e5 22. b4 Bb6 23. Rdf1 Qe7 24. fxe5 Rxf3 25. Rxf3 Rf8 26. Bxd4 Rxf3 27. gxf3 Bc7 28. Qb3+ Kh8 29. Qc3 h6 30. Nd2 Bd8 31. Qc8 Nd7 32. Bc5 Nxc5 33. bxc5 Qh4 34. Kg2 Qg5+ 35. Kf1 Qxd2 36. e6 Kh7 37. c6 Bh4 0-1

[Event "Redbull chessmasters 2019"]
[Site "Istambul"]
[Date "2019.11.24"]
[Round "7.6"]
[White "Cingoz, Ozan"]
[Black "Ozdemir, Serhan Berat"]
[Result "1-0"]
[ECO "D00"]
[WhiteElo "2031"]
[BlackElo "2096"]
[Annotator "NA"]
[PlyCount "75"]
[EventDate "2019.11.23"]
[EventType "k.o."]
[EventCountry "TUR"]
[SourceTitle "playchess.com"]
[Source "ChessBase"]
[SourceQuality "1"]
[TimeControl "600+5"]

1. d4 Nf6 2. Nf3 g6 3. Nc3 d5 4. Bf4 Bg7 5. Qd2 O-O 6. Bh6 c5 7. Bxg7 Kxg7 8. dxc5 Nc6 9. Rd1 Be6 10. e3 Rc8 11. Nd4 Bg4 12. f3 Bd7 13. Nxc6 Bxc6 14. b4 e6 15. Be2 Qe7 16. O-O Rfd8 17. Nb5 Ne8 18. Nxa7 Ra8 19. Nxc6 bxc6 20. c4 Kg8 21. cxd5 exd5 22. Ra1 Ra3 23. Kf2 Qh4+ 24. Kg1 Qe7 25. Kf2 f5 26. Qd4 Nc7 27. Rfb1 Ne6 28. Qe5 Qh4+ 29. Kg1 Re8 30. Rb3 Rxb3 31. axb3 Ng7 32. Qc3 d4 33. Bc4+ Kh8 34. Qxd4 Qe7 35. Kf2 Qe5 36. Qxe5 Rxe5 37. Ra8+ Ne8 38. Bf7 1-0

[Event "Redbull chessmasters 2019"]
[Site "Istambul"]
[Date "2019.11.24"]
[Round "7.7"]
[White "Ozsakallioglu, Okan"]
[Black "Can, Melih Kaan"]
[Result "1/2-1/2"]
[ECO "C20"]
[WhiteElo "2072"]
[BlackElo "2138"]
[Annotator "NA"]
[PlyCount "96"]
[EventDate "2019.11.23"]
[EventType "k.o."]
[EventCountry "TUR"]
[SourceTitle "playchess.com"]
[Source "ChessBase"]
[SourceQuality "1"]
[TimeControl "600+5"]

1. e4 e5 2. Qh5 Nc6 3. Bc4 g6 4. Qf3 Nf6 5. Ne2 Bg7 6. h3 d6 7. d3 a6 8. Bb3 Na5 9. Nbc3 Nxb3 10. axb3 Be6 11. d4 exd4 12. Nxd4 Bd7 13. O-O O-O 14. Bg5 h6 15. Bh4 c5 16. Nde2 g5 17. Bg3 Bc6 18. Rad1 Re8 19. Bxd6 Nxe4 20. Nxe4 Bxe4 21. Qg4 Bxc2 22. Rd2 Bg6 23. Ng3 Qb6 24. Rfd1 Qxb3 25. Bxc5 Qe6 26. Qb4 b5 27. Bd4 Rad8 28. Bxg7 Rxd2 29. Rxd2 Kxg7 30. Kh2 Qe5 31. Re2 Qb8 32. Qd4+ Kh7 33. Rxe8 Qxe8 34. f4 gxf4 35. Qxf4 Qe6 36. h4 h5 37. Kg1 a5 38. Kf2 a4 39. Qg5 Qb3 40. Nxh5 Qxb2+ 41. Kg3 Bxh5 42. Qxh5+ Kg8 43. Kh2 a3 44. Qg5+ Kf8 45. Qd8+ Kg7 46. Qg5+ Kf8 47. Qd8+ Kg7 48. Qg5+ Kf8 1/2-1/2

[Event "Redbull chessmasters 2019"]
[Site "Istambul"]
[Date "2019.11.24"]
[Round "7.8"]
[White "Yanik, Sural Emine"]
[Black "Duru, Ipek"]
[Result "1/2-1/2"]
[ECO "D03"]
[WhiteElo "1834"]
[BlackElo "1566"]
[Annotator "NA"]
[PlyCount "109"]
[EventDate "2019.11.23"]
[EventType "k.o."]
[EventCountry "TUR"]
[SourceTitle "playchess.com"]
[Source "ChessBase"]
[SourceQuality "1"]
[TimeControl "600+5"]

1. d4 Nf6 2. Nf3 e6 3. Bg5 Be7 4. e3 d5 5. Bd3 h6 6. Bh4 b6 7. c3 Bb7 8. Ne5 Nbd7 9. Bb5 O-O 10. Nd2 Nxe5 11. dxe5 Nd7 12. Bg3 c6 13. Bd3 Nc5 14. Bc2 Ba6 15. Nf3 Ne4 16. Bf4 f6 17. Bd3 Bxd3 18. Qxd3 f5 19. h3 Bh4 20. O-O Be7 21. Nd4 Qd7 22. f3 Nc5 23. Qd2 Nb7 24. Rad1 c5 25. Nb3 Qe8 26. e4 fxe4 27. fxe4 d4 28. cxd4 cxd4 29. Qxd4 Nc5 30. Qc4 Qg6 31. Nxc5 Bxc5+ 32. Kh1 Rac8 33. Qe2 Rcd8 34. Rxd8 Rxd8 35. Qg4 Qxg4 36. hxg4 Rf8 37. Rf3 g5 38. Bc1 Rxf3 39. gxf3 Bd4 40. b3 Bxe5 41. Kg2 Kf7 42. Ba3 Kg6 43. Be7 h5 44. gxh5+ Kxh5 45. Bb4 g4 46. Bd2 gxf3+ 47. Kxf3 Kh4 48. Be3 Bc7 49. b4 a6 50. a4 b5 51. axb5 axb5 52. Bc5 Kg5 53. Be7+ Kg6 54. Ke3 e5 55. Bc5 1/2-1/2

[Event "Redbull chessmasters 2019"]
[Site "Istambul"]
[Date "2019.11.24"]
[Round "7.9"]
[White "Tasdogen, Dincer"]
[Black "Ererdem, Gani Eren"]
[Result "1-0"]
[ECO "B15"]
[WhiteElo "2301"]
[BlackElo "2105"]
[Annotator "NA"]
[PlyCount "73"]
[EventDate "2019.11.23"]
[EventType "k.o."]
[EventCountry "TUR"]
[SourceTitle "playchess.com"]
[Source "ChessBase"]
[SourceQuality "1"]
[TimeControl "600+5"]

1. e4 g6 2. d4 Bg7 3. Nc3 c6 4. Nf3 d5 5. h3 Nf6 6. Bd3 dxe4 7. Nxe4 Nxe4 8. Bxe4 O-O 9. O-O Nd7 10. c3 c5 11. Re1 cxd4 12. Nxd4 Nc5 13. Bc2 e5 14. Nf3 Qc7 15. Be3 b6 16. b4 Rd8 17. Qb1 Ne6 18. Be4 Rb8 19. Qb3 Nf4 20. Bxf4 exf4 21. Bd5 Bf5 22. Rac1 b5 23. c4 bxc4 24. Bxc4 Qb7 25. b5 Bf6 26. a4 a6 27. Rcd1 axb5 28. axb5 Kg7 29. Rxd8 Rxd8 30. Rd1 Rxd1+ 31. Qxd1 Be4 32. Bf1 g5 33. Nh2 Qb6 34. Nf3 h6 35. Bd3 Bd5 36. Qe2 Be6 37. Bc4 1-0

[Event "Redbull chessmasters 2019"]
[Site "Istambul"]
[Date "2019.11.24"]
[Round "7.10"]
[White "Olcum, Ahmet"]
[Black "Burcu, Cagatay"]
[Result "0-1"]
[ECO "C00"]
[WhiteElo "2303"]
[BlackElo "2331"]
[Annotator "NA"]
[PlyCount "68"]
[EventDate "2019.11.23"]
[EventType "k.o."]
[EventCountry "TUR"]
[SourceTitle "playchess.com"]
[Source "ChessBase"]
[SourceQuality "1"]
[TimeControl "600+5"]

1. e4 e6 2. d3 d5 3. Nd2 Nf6 4. Ngf3 c5 5. g3 Nc6 6. Bg2 Be7 7. O-O O-O 8. Re1 Qc7 9. e5 Nd7 10. Qe2 b5 11. Nf1 Bb7 12. h4 Rfc8 13. c3 a5 14. Bf4 b4 15. Ne3 Qd8 16. c4 Nd4 17. Nxd4 cxd4 18. Ng4 Nc5 19. cxd5 Bxd5 20. Bxd5 Qxd5 21. h5 h6 22. Rac1 b3 23. a3 Na4 24. Bxh6 Nxb2 25. Qxb2 gxh6 26. Nxh6+ Kg7 27. Ng4 Bg5 28. f4 Qf3 29. fxg5 Qxg4 30. h6+ Kg6 31. Kg2 Qxg5 32. Rf1 Qxe5 33. Rce1 Qd5+ 34. Kh3 Rc2 0-1

[Event "Redbull chessmasters 2019"]
[Site "Istambul"]
[Date "2019.11.24"]
[Round "7.11"]
[White "Yazici, Ugur Doga"]
[Black "Isik, Esref"]
[Result "1-0"]
[ECO "B30"]
[WhiteElo "2195"]
[BlackElo "1920"]
[Annotator "NA"]
[PlyCount "65"]
[EventDate "2019.11.23"]
[EventType "k.o."]
[EventCountry "TUR"]
[SourceTitle "playchess.com"]
[Source "ChessBase"]
[SourceQuality "1"]
[TimeControl "600+5"]

1. e4 c5 2. Nf3 Nc6 3. Bb5 e6 4. Bxc6 bxc6 5. d3 d5 6. Nbd2 Nf6 7. O-O Be7 8. Re1 O-O 9. b3 a5 10. a4 Qc7 11. Bb2 d4 12. e5 Nd5 13. Ne4 f5 14. exf6 Bxf6 15. Ba3 Nb4 16. Nxc5 e5 17. Bxb4 axb4 18. Qe2 Qe7 19. Ne4 Ra5 20. Nfd2 Bg5 21. Nc4 Rd5 22. Qh5 Bh6 23. Ng3 e4 24. Rxe4 Qf6 25. Qe2 Bf5 26. Nxf5 Rxf5 27. f3 c5 28. a5 Qg6 29. Kh1 R5f6 30. Ne5 Qf5 31. a6 Ra8 32. a7 Rf7 33. Nxf7 1-0

[Event "Redbull chessmasters 2019"]
[Site "Istambul"]
[Date "2019.11.24"]
[Round "7.12"]
[White "Gur, Tuba"]
[Black "Aydin, Leyla"]
[Result "1-0"]
[ECO "E14"]
[WhiteElo "1782"]
[BlackElo "1333"]
[Annotator "NA"]
[PlyCount "81"]
[EventDate "2019.11.23"]
[EventType "k.o."]
[EventCountry "TUR"]
[SourceTitle "playchess.com"]
[Source "ChessBase"]
[SourceQuality "1"]
[TimeControl "600+5"]

1. d4 Nf6 2. Nf3 e6 3. e3 b6 4. Bd3 Bb7 5. O-O d6 6. b3 Nbd7 7. Bb2 Be7 8. Nbd2 O-O 9. Qe2 c5 10. c4 d5 11. Ne5 Bd6 12. f4 Ne4 13. f5 exf5 14. Rxf5 Nxd2 15. Qxd2 Nxe5 16. dxe5 Be7 17. cxd5 Bxd5 18. Qc3 Be6 19. Rf2 Bh4 20. Rf3 Bg5 21. Bf5 Re8 22. Raf1 Bd5 23. e4 Bc6 24. e6 f6 25. Rh3 h6 26. Qf3 Re7 27. Qh5 Be8 28. Qf3 Qd2 29. Ba1 Rd8 30. e5 Rc8 31. exf6 Bxf6 32. Bxf6 gxf6 33. Rxh6 Qxh6 34. Qg3+ Qg7 35. Qd6 Rcc7 36. Rf3 Kf8 37. Qf4 Bc6 38. Rg3 Qh8 39. Rh3 Qg7 40. Rg3 Qh8 41. Rg6 1-0

[Event "Redbull chessmasters 2019"]
[Site "Istambul"]
[Date "2019.11.24"]
[Round "7.13"]
[White "Ozenir, Ekin Baris"]
[Black "Kilic, Ihsan"]
[Result "1-0"]
[ECO "A84"]
[WhiteElo "2274"]
[BlackElo "1941"]
[Annotator "NA"]
[PlyCount "47"]
[EventDate "2019.11.23"]
[EventType "k.o."]
[EventCountry "TUR"]
[SourceTitle "playchess.com"]
[Source "ChessBase"]
[SourceQuality "1"]
[TimeControl "600+5"]

1. d4 d5 2. c4 e6 3. Nc3 f5 4. Nf3 c6 5. Bf4 Bd6 6. e3 Nf6 7. Bd3 O-O 8. Qc2 Ne4 9. O-O b6 10. Ne5 Bb7 11. f3 Nxc3 12. bxc3 Qe7 13. e4 fxe4 14. fxe4 dxc4 15. Bxc4 Nd7 16. Nd3 Kh8 17. Bxd6 Qxd6 18. e5 Qe7 19. Nf4 c5 20. Qd3 Rad8 21. Ng6+ hxg6 22. Qh3+ Kg8 23. Bxe6+ Rf7 24. Bxf7+ 1-0

[Event "Redbull chessmasters 2019"]
[Site "Istambul"]
[Date "2019.11.24"]
[Round "7.14"]
[White "Cil, Batuhan"]
[Black "Alak, Agdar"]
[Result "0-1"]
[ECO "B02"]
[WhiteElo "1737"]
[BlackElo "1482"]
[Annotator "NA"]
[PlyCount "97"]
[EventDate "2019.11.23"]
[EventType "k.o."]
[EventCountry "TUR"]
[SourceTitle "playchess.com"]
[Source "ChessBase"]
[SourceQuality "1"]
[TimeControl "600+5"]

1. e4 Nf6 2. e5 Nd5 3. Bc4 Nb6 4. Bb3 d5 5. d4 Nc6 6. c3 Bf5 7. g4 Be4 8. f3 Bg6 9. h4 h5 10. g5 e6 11. Nh3 Na5 12. Bc2 Bxc2 13. Qxc2 g6 14. Nf4 c5 15. Be3 Nac4 16. Bf2 Rc8 17. b3 Na5 18. dxc5 Nd7 19. Bd4 Qc7 20. b4 Nc4 21. O-O Bg7 22. Re1 O-O 23. Nd2 Ndxe5 24. Bxe5 Nxe5 25. Ng2 Rcd8 26. Kf2 b6 27. Nb3 Nd7 28. Rad1 bxc5 29. b5 c4 30. Nd4 Qb6 31. Kf1 Bxd4 32. Rxd4 Kh7 33. a4 Nc5 34. Nf4 Rfe8 35. Nxh5 Nd3 36. Nf6+ Kh8 37. Re2 e5 38. Rg4 Re6 39. h5 Rxf6 40. gxf6 Qxf6 41. Rf2 Nxf2 42. Qxf2 Kg7 43. hxg6 fxg6 44. Qxa7+ Kg8 45. Kg2 Rf8 46. Rg3 e4 47. Qc5 exf3+ 48. Kf2 Qf5 49. Qd4 0-1

[Event "Redbull chessmasters 2019"]
[Site "Istambul"]
[Date "2019.11.24"]
[Round "7.15"]
[White "Sabahi, Cem"]
[Black "Tofan, Ismail"]
[Result "0-1"]
[ECO "A05"]
[WhiteElo "1604"]
[BlackElo "1685"]
[Annotator "NA"]
[PlyCount "88"]
[EventDate "2019.11.23"]
[EventType "k.o."]
[EventCountry "TUR"]
[SourceTitle "playchess.com"]
[Source "ChessBase"]
[SourceQuality "1"]
[TimeControl "600+5"]

1. e4 d6 2. d3 Nf6 3. Nf3 g6 4. g3 Bg7 5. Bg2 O-O 6. O-O c5 7. c3 Nc6 8. Re1 a6 9. a4 Bd7 10. Nbd2 b5 11. axb5 axb5 12. Rxa8 Qxa8 13. d4 e5 14. dxc5 dxc5 15. Nb3 c4 16. Nc5 Rd8 17. Qe2 Bg4 18. h3 Bxf3 19. Qxf3 Nd7 20. Be3 Nxc5 21. Bxc5 Rd2 22. Re2 Qa1+ 23. Kh2 Qxb2 24. Rxd2 Qxd2 25. Qg4 Qd8 26. h4 h5 27. Qe2 Na5 28. Qa2 Nb3 29. Bb4 Qb6 30. Qa8+ Kh7 31. Kg1 Nc1 32. Bf1 Nb3 33. Qd5 Qf6 34. Qxb5 Nd2 35. Qd5 Nf3+ 36. Kg2 Ne1+ 37. Kg1 Nf3+ 38. Kg2 g5 39. hxg5 Nxg5 40. Be2 h4 41. gxh4 Ne6 42. Qxc4 Qxh4 43. Qd3 Nf4+ 44. Kf1 Qh1# 0-1

[Event "Redbull chessmasters 2019"]
[Site "Istambul"]
[Date "2019.11.24"]
[Round "7.16"]
[White "Ozdemir, Cemre"]
[Black "Sahin, Handenur"]
[Result "1/2-1/2"]
[ECO "C92"]
[WhiteElo "1326"]
[BlackElo "2014"]
[Annotator "NA"]
[PlyCount "139"]
[EventDate "2019.11.23"]
[EventType "k.o."]
[EventCountry "TUR"]
[SourceTitle "playchess.com"]
[Source "ChessBase"]
[SourceQuality "1"]
[TimeControl "600+5"]

1. e4 e5 2. Nf3 Nc6 3. Bb5 a6 4. Ba4 Nf6 5. O-O Be7 6. Re1 d6 7. h3 O-O 8. c3 b5 9. Bb3 Nd7 10. d4 Bf6 11. Be3 Na5 12. Bc2 Nc4 13. b3 Nxe3 14. fxe3 Bb7 15. Nbd2 c5 16. Nf1 Rc8 17. Ng3 g6 18. Rc1 Bg7 19. Qd2 Qb6 20. Nh1 Rfe8 21. Nf2 Rcd8 22. Bb1 a5 23. a3 d5 24. Bc2 cxd4 25. cxd4 exd4 26. exd4 dxe4 27. Bxe4 Bxe4 28. Nxe4 Nf8 29. Rcd1 Ne6 30. Nc3 b4 31. Na4 Qd6 32. axb4 axb4 33. Qf2 Nf4 34. Nc5 Rxe1+ 35. Rxe1 Bxd4 36. Nxd4 Qxd4 37. Qxd4 Rxd4 38. Re4 Rxe4 39. Nxe4 Ne2+ 40. Kf2 Nd4 41. Nc5 f5 42. Nd3 Nxb3 43. Nxb4 Kf7 44. Kf3 Ke6 45. Nd3 Kf6 46. Kf4 g5+ 47. Kf3 Nd4+ 48. Ke3 Nc6 49. Kf3 Ne5+ 50. Nxe5 Kxe5 51. Ke3 h5 52. g3 f4+ 53. Kf3 fxg3 54. Kxg3 Ke4 55. Kf2 Kf4 56. Kg2 h4 57. Kf2 Ke4 58. Ke2 Ke5 59. Ke3 Kf6 60. Kf2 Ke6 61. Ke2 Kd6 62. Kf2 Kd5 63. Kf3 Ke5 64. Ke3 Kd5 65. Kf3 Ke6 66. Ke2 Kf7 67. Kf3 Kg6 68. Kg2 Kf6 69. Kf2 Ke5 70. Ke3 1/2-1/2